[Event "Czech Open-GM 2022"]
[Site "Pardubice"]
[Date "2022.07.24"]
[Round "3.15"]
[White "Smolik, Jachym"]
[Black "Stocek, Jiri"]
[Result "0-1"]
[ECO "E43"]
[WhiteElo "2291"]
[BlackElo "2548"]
[Annotator "TA"]
[PlyCount "90"]
[EventDate "2022.07.22"]
[EventType "swiss"]
[EventCountry "CZE"]
[SourceTitle "playchess.com"]
[Source "ChessBase"]
[SourceQuality "1"]
[TimeControl "40/5400+30:1800+30"]

1. d4 Nf6 2. c4 e6 3. Nc3 Bb4 4. e3 b6 5. Nf3 Bb7 6. Bd2 O-O 7. Bd3 d6 8. O-O Nbd7 9. a3 Bxc3 10. Bxc3 Re8 {[%emt 0:02:53] E21: Nimzo-Indian: 4 Nf3.} 11. Nd2 e5 12. b4 exd4 {[%emt 0:04:59] White is slightly better.} 13. exd4 d5 {[%emt 0:03:21] [#]} 14. c5 $146 ({Predecessor:} 14. Qc2 dxc4 15. Nxc4 Nf8 16. Ne5 Ne6 17. f4 h6 18. Rad1 Qd6 19. d5 Bxd5 20. Bb5 {1-0 (32) Decking,L (2128)-Faust,D (2036) Remote email 2013}) 14... Ne4 15. Bb2 Ndf6 16. Nb3 h6 17. Rc1 c6 18. a4 Bc8 19. f3 {[%emt 0:05:05] Prevents Ng4.} Ng5 20. Qd2 Bd7 21. Ba3 ({Better is} 21. a5 $16) 21... Ne6 22. b5 Rc8 23. Rc2 ({White should try} 23. Rfe1 $16) 23... Nh5 $1 $11 24. g3 $36 {[%emt 0:06:24][%mdl 2048] Against Nhf4. White is more active.} Ng5 25. f4 (25. Qd1 $14) 25... Ne4 26. Qg2 Nhf6 27. Rfc1 bxc5 (27... h5 $11 {remains equal.}) 28. dxc5 $16 d4 29. Bb2 (29. Nxd4 $2 Bh3 $1 30. Nxc6 Qxd3 31. Qxh3 Qxa3 $19) (29. Rc4 $1 $16 ) 29... Be6 $2 (29... cxb5 $2 30. Nxd4 (30. axb5 Nc3 $16) 30... bxa4 31. c6 $16) (29... Nxg3 $11 {and Black has nothing to worry.} 30. hxg3 (30. Qxg3 Re3 $15) 30... Re3) 30. Nxd4 $18 (30. Bxe4 Bxb3 31. Bf5 (31. Bxc6 $2 Bxc2 32. Qxc2 d3 $19) 31... Bxc2 32. Qxc2 Rb8 $15) 30... Bd5 {[%emt 0:00:29][%cal Oe4c5] And now ...Nxc5! would win.} 31. Bc4 {[%emt 0:03:26] A strong pair of Bishops.} (31. bxc6 Nxc5 $1 32. Qd2 Nxd3 33. Qxd3 Be4 $15) (31. Qf1 $18) 31... cxb5 (31... Bxc4 $1 $14 32. Rxc4 cxb5 33. axb5 Ng4) 32. Bxd5 (32. axb5 Rxc5 33. Bf1 Qb6 $11) 32... Nxd5 {[%emt 0:00:20] [#]} 33. Re2 {[%emt 0:02:30] Prevents Ne3.} (33. axb5 $2 Ne3 34. Qf3 Nxc2 35. Rxc2 Rxc5 $19) (33. Nf5 $1 $16 {Threatens to win with Rd1.} Nb4 34. Nxg7 Nxc2 35. Nxe8 Qxe8 36. Rxc2) 33... Ndc3 $15 {[%emt 0:01:32] Prevents Rd1.} ({Don't play} 33... Ndf6 34. axb5 (34. Nxb5 Rxc5 35. Rxc5 Nxc5 $11) 34... Rxc5 35. Rce1 $14) 34. Rxc3 (34. Bxc3 $17 Nxc3 35. Rxe8+ Qxe8 36. Qf2 Rxc5 37. axb5) 34... Qxd4+ 35. Rce3 Qxc5 {[%emt 0:00:08][%cal Oe4c3] Strongly threatening ...Nc3! 0x0.002486d572cbdp-1022s more active pieces.} 36. Kh1 Nf6 37. Rxe8+ Nxe8 (37... Rxe8 38. Rxe8+ Nxe8 39. Qa8 $17) 38. Re5 {[%emt 0:01:22] [#]} Qc4 39. axb5 Nd6 40. Re1 (40. Qf3 $17) 40... Qxb5 $19 ({And not} 40... Nxb5 41. Qe4 $17) 41. Bd4 (41. Kg1 {keeps fighting.}) 41... a5 42. Qa2 (42. Kg1 $142) 42... a4 43. Rb1 $2 (43. Kg1) 43... Qd3 {[%emt 0:04:28] Black is clearly winning.} 44. Be5 Qe4+ (44... Rc2 $142 45. Qxc2 Qxc2 46. Rb8+ Kh7 47. Bxd6 Qd1+ 48. Kg2 Qxd6) 45. Kg1 Rc2 {[%emt 0:00:15] Weighted Error Value: White=0.80/Black=0.42} 0-1

[Event "Czech Open-GM 2022"]
[Site "Pardubice"]
[Date "2022.07.24"]
[Round "3.16"]
[White "Winkelman, Albert"]
[Black "Noe, Christopher"]
[Result "0-1"]
[ECO "B18"]
[WhiteElo "2278"]
[BlackElo "2505"]
[Annotator "TA"]
[PlyCount "76"]
[EventDate "2022.07.22"]
[EventType "swiss"]
[EventCountry "CZE"]
[SourceTitle "playchess.com"]
[Source "ChessBase"]
[SourceQuality "1"]
[TimeControl "40/5400+30:1800+30"]

1. e4 c6 2. d4 d5 3. Nc3 dxe4 4. Nxe4 Bf5 5. Ng3 Bg6 6. Nh3 Nf6 $1 {[%cal Oc6c5][%mdl 4] is currently scoring better than 6...e6. B18: Classical Caro-Kann: 4...Bf5 sidelines.} 7. c3 Nbd7 8. Bc4 e6 {The position is equal.} 9. Nf4 Bd6 10. O-O Nd5 11. Ngh5 O-O 12. Nxg6 hxg6 13. Ng3 {[#]} Qh4 $146 {Against Ne4} ({Predecessor:} 13... Qc7 14. Re1 N7f6 15. Bb3 Rfe8 16. Qf3 e5 17. dxe5 Bxe5 18. Bg5 Bf4 19. Bxf4 Qxf4 20. Bxd5 Nxd5 21. Qxf4 Nxf4 22. Rxe8+ Rxe8 {0-1 (41) Horvath,A (2498)-Prohaszka,P (2591) Hungary 2017}) 14. Re1 N7f6 15. Nf1 c5 16. g3 Qh3 17. Bg5 cxd4 18. Qxd4 {next Bxf6 is good for White.} Bc7 19. Bxd5 Nxd5 $40 {[%mdl 128] Black is up to no good.} 20. c4 Bb6 (20... Nb4 $11 21. Qe4 Nc6) 21. Qe4 $14 Nf6 22. Bxf6 gxf6 23. Qxb7 (23. b4 $5 ) 23... Bd4 24. b3 Bxa1 $17 25. Rxa1 Qf5 26. Ne3 Qe5 27. Rd1 (27. Rc1 $17) 27... Rad8 $19 28. Rxd8 (28. Rf1 {keeps fighting.}) 28... Rxd8 29. Qxa7 {[%mdl 4096] Endgame KQR-KQN} Rd2 30. c5 (30. a3 $142) 30... Qe4 31. Qa6 Qf3 32. Qf1 Rxa2 33. b4 Rb2 34. b5 {[#] Threatens to win with c6.} Qe4 {...Rb1 is the strong threat.} 35. c6 (35. Qg2 $142 Qxg2+ 36. Kxg2) 35... Rb1 {Black is clearly winning.} 36. Nd1 Qc2 37. c7 Qxc7 38. b6 Qd8 {Weighted Error Value: White=0.57/Black=0.07 (flawless)} 0-1

[Event "Czech Open-GM 2022"]
[Site "Pardubice"]
[Date "2022.07.24"]
[Round "3.17"]
[White "Paszewski, Mateusz"]
[Black "Haring, Filip"]
[Result "0-1"]
[ECO "E32"]
[WhiteElo "2277"]
[BlackElo "2451"]
[Annotator "TA"]
[PlyCount "60"]
[EventDate "2022.07.22"]
[EventType "swiss"]
[EventCountry "CZE"]
[SourceTitle "playchess.com"]
[Source "ChessBase"]
[SourceQuality "1"]
[TimeControl "40/5400+30:1800+30"]

1. d4 Nf6 2. c4 e6 3. Nc3 Bb4 4. Qc2 O-O 5. e4 d6 6. e5 dxe5 {6...Nfd7 deserves study. E32: Nimzo-Indian: Classical (4 Qc2): 4...0-0.} 7. dxe5 Ng4 8. Nf3 {Black must now prevent h3.} Nc6 $1 {The position is equal.} 9. Bf4 {Rd1 is the strong threat.} f6 (9... Nd4 $11 10. Qd3 {[#]} f6 $1) 10. Rd1 $40 {[%mdl 128] White is up to no good.} Qe8 11. Bd3 Qh5 {[%cal Rf6e5] [#]} 12. O-O $146 ({Predecessor:} 12. exf6 e5 13. Be3 Rxf6 14. Be4 Bf5 15. h3 Nxe3 16. fxe3 Bxe4 17. Qxe4 Qg6 18. Qd5+ {0-1 (56) Benitah,Y (2408)-Plantet,S (2307) Val d'Isere 2004}) 12... fxe5 13. Bg3 Bc5 (13... Nd4 14. Nxd4 exd4 15. Nb5 $16) (13... Rxf3 $1 $11 14. gxf3 Nf6) 14. Be4 Nd4 15. Qd3 Bd7 16. h3 {[%mdl 64] Deflection} Nf6 17. Nxe5 Rad8 18. Qb1 (18. Bxb7 $16 {[%cal Ob2b4] Threatens to win with b4!} Be8 19. a3) 18... Ba4 $14 19. Nxa4 ({White should play} 19. b3 $16 Bc6 20. Bxc6 (20. Nxc6 bxc6 21. Bxc7 Rd7 $14) 20... bxc6 21. Kh1) 19... Ne2+ (19... Nxe4 {seems wilder.} 20. Qxe4 Ne2+ 21. Qxe2 Qxe2 22. Rde1 Bxf2+ 23. Bxf2 Qc2) 20. Kh2 Nxg3 (20... Rxd1 $1 $11 21. Qxd1 (21. Rxd1 $2 {too greedy.} Bxf2 22. Bf3 Bxg3+ 23. Kh1 Qxe5 $19) 21... Nxe4 22. Nxc5 N4xg3 23. fxg3 Rxf1 24. Qxf1 Qxe5) 21. fxg3 Rxd1 22. Qxd1 Qxe5 23. Nxc5 Qxc5 (23... Nxe4 $2 24. Rxf8+ Kxf8 25. Nd7+ Ke7 26. Nxe5 $18) 24. Bxb7 c6 25. Rf3 e5 26. Qa4 ({Better is} 26. Qg1 $16 Qd6 27. c5 (27. Qxa7 Ng4+ 28. hxg4 Qh6+ 29. Kg1 Qc1+ 30. Kh2 Qh6+ 31. Kg1 Qc1+ 32. Kh2 Qh6+ $11)) 26... e4 $11 27. Rb3 {[%mdl 8192] [#]} (27. Qa3 $11 Qh5 28. Rf4) 27... Ng4+ $1 {[%mdl 512] Black mates.} 28. hxg4 Rf1 29. g5 h5 30. g4 h4 {Weighted Error Value: White=0.34/Black=0.14 (very precise)} 0-1

[Event "Czech Open-GM 2022"]
[Site "Pardubice"]
[Date "2022.07.24"]
[Round "3.18"]
[White "Akesson, Ralf"]
[Black "Hrbek, Stepan"]
[Result "1-0"]
[ECO "E15"]
[WhiteElo "2427"]
[BlackElo "2272"]
[Annotator "TA"]
[PlyCount "77"]
[EventDate "2022.07.22"]
[EventType "swiss"]
[EventCountry "CZE"]
[SourceTitle "playchess.com"]
[Source "ChessBase"]
[SourceQuality "1"]
[TimeControl "40/5400+30:1800+30"]

1. d4 Nf6 2. Nf3 e6 3. c4 b6 4. g3 Ba6 5. Nbd2 d5 6. cxd5 exd5 7. Bg2 {[%emt 0:00:09] E15: Queen's Indian: 4 g3 sidelines, 4 g3 Ba6 and 4 g3 Bb7 early deviations.} Bd6 8. O-O O-O 9. b3 {[%emt 0:02:54] The position is equal.} Nbd7 10. Bb2 Qe7 11. Re1 Bb7 {[%emt 0:00:09] [#]} 12. Qc2 $146 ({Predecessor:} 12. Rc1 Ne4 13. Nxe4 dxe4 14. Nd2 b5 15. e3 Nb6 16. Nb1 Nd5 17. Nc3 Nxc3 18. Bxc3 {1-0 (82) Piket,J (2625)-Christiansen,L (2625) Groningen 1992}) 12... a5 13. a3 Rfe8 14. Nh4 g6 {[%emt 0:06:42] Inhibits Nf5.} 15. Nc4 Ba6 16. Nxd6 cxd6 17. Qd2 Rac8 18. Rac1 Rxc1 19. Bxc1 Ne4 20. Qb2 f5 21. f3 Nef6 22. Bg5 Qf8 (22... Nf8 $14 {was preferrable.}) 23. Qd2 Rc8 24. Bf1 Kf7 25. h3 Qd8 26. Ng2 Qc7 27. g4 (27. Qe3 Qc3) 27... fxg4 28. hxg4 Qc3 $2 {[%emt 0:00:42][%mdl 8192] This move loses the game for Black.} (28... Nf8 $16) 29. Qf4 $18 {[%emt 0:00:59] [#] Bxf6 is the strong threat.} Kg7 30. Qxd6 Kf7 {[%emt 0:02:36] Against Qe7+} 31. Bxf6 ({Weaker is} 31. e3 Rc6 32. Qf4 Bxf1 33. Rxf1 Kg8 $16) 31... Nxf6 32. g5 ({Don't do} 32. Qxb6 Rc6 33. Qa7+ Kf8) 32... Nh5 33. Qxd5+ Kg7 34. Qe5+ Kg8 $2 {[%emt 0:00:59] [#]} (34... Kf7 {was worth a try.} 35. Qd5+ (35. e4 Bxf1 36. Qd5+ Ke7 $16) 35... Ke7) 35. Qe6+ {[%emt 0:01:51] White is clearly winning.} Kf8 36. Qxb6 Rc6 37. Qd8+ Kf7 38. Qd7+ Kg8 39. d5 {[%emt 0:02:16] Weighted Error Value: White=0.13 (very precise) /Black=0.37} 1-0

[Event "Czech Open-GM 2022"]
[Site "Pardubice"]
[Date "2022.07.24"]
[Round "3.19"]
[White "Muetsch, Annmarie"]
[Black "Dobrowolski, Piotr"]
[Result "1/2-1/2"]
[ECO "C26"]
[WhiteElo "2249"]
[BlackElo "2423"]
[Annotator "TA"]
[PlyCount "105"]
[EventDate "2022.07.22"]
[EventType "swiss"]
[EventCountry "CZE"]
[SourceTitle "playchess.com"]
[Source "ChessBase"]
[SourceQuality "1"]
[TimeControl "40/5400+30:1800+30"]

1. e4 e5 2. Nc3 Nf6 3. d4 exd4 4. Qxd4 Nc6 5. Qc4 d6 6. Be3 {[%emt 0:05:14] C26: Vienna Game: 2...Nf6, sidelines .} Be7 7. f3 {[%emt 0:06:01] Prevents Ng4.} O-O (7... Ne5 $11 8. Qe2 O-O) 8. O-O-O $14 {[%emt 0:01:30] [#] White is slightly better.} Re8 $146 ({Predecessor:} 8... Be6 9. Qe2 Nd7 10. f4 Nb6 11. Nf3 f5 12. exf5 Bxf5 13. Rg1 Bf6 14. g4 Bg6 {½-½ (93) Charochkina,D (2340)-Ghukasyan,S (2194) Iasi 2021}) 9. Kb1 a5 10. Nh3 {[%emt 0:06:20] White is more active.} (10. Qe2 $16) 10... Ne5 11. Qe2 c6 12. Na4 (12. a4 $11) 12... Bxh3 $17 13. gxh3 {[%emt 0:03:34] [#]} b5 $1 14. Nc5 Nc4 15. Bc1 Bf8 16. Bg2 Qb6 (16... d5 $19 17. Nd3 Bd6) 17. Nd3 a4 {[%emt 0:00:08] And now ...a3 would win.} 18. Qf2 Qxf2 (18... Qb7 $17) 19. Nxf2 $11 d5 20. Ng4 Nxg4 21. hxg4 dxe4 22. fxe4 Ne5 23. h3 a3 24. b3 Bb4 25. Bf4 f6 26. Bxe5 fxe5 27. Rd3 Rf8 28. Bf3 Rf4 29. c3 Be7 30. b4 Raf8 31. Bd1 Rxe4 32. Bf3 Rc4 {[%emt 0:01:11] [#] Threatens to win with ...e4.} 33. Re1 {[%emt 0:01:31] Against e4} Rd8 (33... e4 $1 $15 34. Bxe4 Bh4) 34. Rxd8+ $14 Bxd8 {[%emt 0:00:01][%mdl 4096] Endgame KRB-KRB} 35. Kc2 Kf8 36. Re4 Ke7 37. Kb3 Kd6 (37... Rxe4 $11 38. Bxe4 Kd6) 38. Rxc4 $16 bxc4+ 39. Kxc4 {[%emt 0:03:15] KB-KB} Bg5 40. Kb3 Bc1 41. Be4 h6 42. Kc4 Bd2 43. Kd3 Bc1 44. Bf5 e4+ 45. Bxe4 {[%emt 0:00:42] White is better.} Bb2 46. Kc4 Bc1 47. Kb3 Bb2 48. c4 Bc1 49. Ka4 Kc7 50. c5 Bb2 51. b5 cxb5+ 52. Kxb5 Bc1 53. c6 {Weighted Error Value: White=0.12 (very precise) /Black=0.15 (very precise)} 1/2-1/2

[Event "Czech Open-GM 2022"]
[Site "Pardubice"]
[Date "2022.07.24"]
[Round "3.20"]
[White "Luberanski, Jakub"]
[Black "Lalic, Bogdan"]
[Result "1/2-1/2"]
[ECO "E00"]
[WhiteElo "2241"]
[BlackElo "2412"]
[Annotator "TA"]
[PlyCount "30"]
[EventDate "2022.07.22"]
[EventType "swiss"]
[EventCountry "CZE"]
[SourceTitle "playchess.com"]
[Source "ChessBase"]
[SourceQuality "1"]
[TimeControl "40/5400+30:1800+30"]

1. d4 e6 2. c4 Bb4+ 3. Bd2 a5 4. Nf3 Nf6 5. g3 d6 6. Bg2 Nbd7 7. O-O e5 8. Be3 exd4 {[%emt 0:00:22] E11: Bogo-Indian.} 9. Bxd4 O-O 10. a3 {[%emt 0:02:57] has lost popularity (10.Nc3).} Bc5 {[%emt 0:00:09] White is slightly better.} 11. Nc3 Re8 12. Qc2 Bxd4 13. Nxd4 Nb6 {[%emt 0:00:12] [#]} 14. Nd5 $146 ({Predecessor:} 14. Rfd1 Nfd7 15. Ne4 Qe7 16. Nb5 Nc5 17. Nxc5 dxc5 18. Qe4 Be6 19. Qf4 c6 20. Nc7 {0-1 (40) Belous,M (2329)-Gasanov,E (2482) Omelnyk 2017}) 14... c6 $1 15. Nxf6+ Qxf6 {[%emt 0:00:10] Weighted Error Value: White=0.08 (flawless) /Black=0.04 (flawless)} 1/2-1/2

[Event "Czech Open-GM 2022"]
[Site "Pardubice"]
[Date "2022.07.24"]
[Round "3.21"]
[White "Jurcik, Marian"]
[Black "Goroshkov, Maksym"]
[Result "1/2-1/2"]
[ECO "B07"]
[WhiteElo "2409"]
[BlackElo "2240"]
[Annotator "TA"]
[PlyCount "152"]
[EventDate "2022.07.22"]
[EventType "swiss"]
[EventCountry "CZE"]
[SourceTitle "playchess.com"]
[Source "ChessBase"]
[SourceQuality "1"]
[TimeControl "40/5400+30:1800+30"]

1. e4 d6 2. d4 Nf6 3. Nc3 g6 4. Be3 Bg7 5. Qd2 O-O 6. O-O-O c6 7. f3 b5 8. Bh6 Be6 {[%emt 0:01:59] B07: Pirc Defence: Miscellaneous Systems.} 9. h4 Qa5 10. Bxg7 Kxg7 {[%emt 0:00:24] White is slightly better.} 11. h5 b4 $1 {[%emt 0:04:15] [#]} 12. Nb1 $146 (12. hxg6 fxg6 13. Nb1 (13. Qh6+ Kf7 $11) 13... Nbd7 $14) ({Predecessor:} 12. hxg6 bxc3 13. Qh6+ Kg8 14. gxh7+ Kh8 15. Qxf8+ {1-0 (15) Jaskolka,T (2220)-Xie,B (2050) Chess.com INT 2021}) 12... Bxa2 (12... Nbd7 $14) 13. hxg6 $40 {[%emt 0:11:31][%mdl 128] Black is in trouble.} fxg6 14. g4 (14. Qh6+ $16 Kg8 15. e5 dxe5 16. Nh3 (16. b3 Kf7 $18)) 14... Nbd7 (14... Kh8 $1 $14) 15. Qh6+ $16 {[%emt 0:25:48][%mdl 1024] White has strong compensation.} Kg8 {[%emt 0:00:13] [#]} (15... Kf7 $16) 16. g5 $1 $18 Nh5 17. Bh3 (17. Rxh5 $18 gxh5 18. Bh3) 17... Rfd8 $14 18. Bg4 Bf7 $2 (18... Nf8 $1 $11 {and Black has nothing to worry.} 19. Bxh5 gxh5) 19. f4 $18 e6 {[%emt 0:01:12] Inhibits f5.} 20. f5 exf5 21. exf5 b3 (21... Nf8 $142 22. f6 Be6) 22. Rxh5 bxc2 23. Qxh7+ Kf8 24. Qh8+ ({And not} 24. fxg6 cxb1=Q+ 25. Kxb1 Qa2+ 26. Kc2 Qc4+ 27. Kd2 (27. Kb1 Qa2+ 28. Kc2 Qc4+ 29. Kd2 Qxd4+ 30. Kc1 Qc4+ 31. Kb1 Qe4+ 32. Kc1 Qc4+ 33. Kb1 Qe4+ 34. Kc1 Qc4+ $11) 27... Qxd4+ 28. Kc1 Qc4+ 29. Kb1 Qe4+ 30. Kc1 Qc4+ 31. Kb1 Qe4+ 32. Kc1 Qc4+ $11) 24... Bg8 25. Qh6+ Ke8 26. Qxg6+ Bf7 27. Rh8+ Nf8 {[%emt 0:00:04] [#]} 28. Rxf8+ $1 Kxf8 29. Qh6+ Ke8 30. Kxc2 Rab8 31. Nc3 {[%emt 0:07:03] Black must now prevent Re1+.} Bb3+ 32. Kb1 Bxd1 33. Qe6+ (33. Nxd1 $142 {Intending Qh8+ and mate.} Rxb2+ 34. Nxb2 Qe1+ 35. Kc2 Qe4+ 36. Nd3) 33... Kf8 34. Qf6+ Kg8 35. Qe6+ ({Less strong is} 35. Bxd1 Qb4 36. Qe6+ Kh8 37. Qh6+ Kg8 38. Qe6+ Kh8 $18) (35. Nxd1 Qc7 36. Nf3 Rb7 37. Qe6+ Qf7 $18) 35... Kf8 $1 {[%emt 0:00:03][%cal Ob8b2] ( -> ...Rxb2+!)} 36. Nxd1 Rb7 (36... Qc7 $142 37. g6 Re8) 37. Qh6+ Kg8 38. Qg6+ Kf8 39. Qh6+ Kg8 40. Qg6+ Kf8 $1 41. Qf6+ Kg8 42. Ne2 Rdb8 43. Qe6+ Kh8 44. Qh6+ Kg8 (44... Rh7 $142 45. Qf6+ Rg7 46. Qxd6 Qc7) 45. f6 {[%emt 0:03:36] Be6+ would kill now.} Qd5 {[%emt 0:00:55] Against Be6+} 46. Qg6+ (46. Nf4 $142 Qe4+ 47. Ka1 Re8 48. g6 a6 49. f7+ Rxf7 50. gxf7+ Kxf7 51. Nc3 Qxd4 52. Bh5+ Kg8 53. Bxe8 Qg1+ 54. Ka2) 46... Kh8 47. Qh5+ $2 ({Better is} 47. Nf4 $18 Qh1 48. Qf5) 47... Rh7 $11 48. Qg6 {[%emt 0:00:18] Prevents Qe4+. Really sharp!} Rg8 49. Qf5 Rxg5 50. Qxd5 cxd5 51. Be6 Rh6 (51... Rh2 $5 52. Nec3 Rg1 53. Bxd5 Rd2 $17) 52. Ndc3 Rxf6 53. Bxd5 Rf2 {[%emt 0:00:22][%cal Of2e2] And now ...Rxe2! would win.} 54. Bc4 Rgg2 55. Kc2 Rg4 56. Kd3 Rh2 57. Nb5 Rxe2 58. Kxe2 $14 {[%emt 0:00:20] Hoping for Kd3.} a6 59. Kf3 Rh4 60. Kg3 Re4 61. Bd5 Re2 $1 62. Nxd6 {[%emt 0:00:19] Kf4 is the strong threat.} Rxb2 63. Kf4 {[%emt 0:00:39] Strongly threatening Ke5.} a5 $1 64. Nc4 Rb1 (64... Rb3 $1 $11) 65. Ke4 $16 ({Of course not} 65. Nxa5 $6 Rb5 $11) 65... a4 {[%emt 0:00:07] [#]} 66. Kd3 (66. Na3 $1 $16 Rd1 67. Bc4) 66... Rb3+ $11 {[%emt 0:00:18] The position is equal.} 67. Kc2 Rg3 68. Nd2 Kg7 69. Bc4 Kf8 70. Ne4 Rg4 71. Kd3 Ke7 72. Nc3 a3 73. d5 Kd6 74. Ba2 Ke5 75. Kc2 Rb4 76. Bb3 Rb6 {[%emt 0:00:19] Blacks defense is rewarded with a draw.  Weighted Error Value: White=0.42/Black=0.62} 1/2-1/2

[Event "Czech Open-GM 2022"]
[Site "Pardubice"]
[Date "2022.07.24"]
[Round "3.22"]
[White "Horak, Martin"]
[Black "Tahay, Alexis"]
[Result "0-1"]
[ECO "B92"]
[WhiteElo "2238"]
[BlackElo "2393"]
[Annotator "TA"]
[PlyCount "156"]
[EventDate "2022.07.22"]
[EventType "swiss"]
[EventCountry "CZE"]
[SourceTitle "playchess.com"]
[Source "ChessBase"]
[SourceQuality "1"]
[TimeControl "40/5400+30:1800+30"]

1. e4 c5 2. Nf3 d6 3. d4 cxd4 4. Nxd4 Nf6 5. Nc3 a6 6. Be2 e5 7. Nb3 Be7 8. Be3 Be6 9. Nd5 Nxd5 10. exd5 Bc8 11. O-O O-O 12. Qd2 Nd7 13. Na5 {[%emt 0:03:34] B92: Sicilian Najdorf: 6 Be2.} f5 {[%emt 0:05:07] And now ...f4 would win.} 14. f4 {[%emt 0:01:32] [#]} Bf6 $146 ({Predecessor:} 14... exf4 15. Bxf4 Nc5 16. Bf3 g5 17. Be3 g4 18. Be2 Bf6 19. Rae1 Be5 20. Bxg4 Ne4 {1-0 (34) Papp,G (2607)-Raja,H (2427) Caleta 2018}) 15. fxe5 {[%emt 0:06:45] The position is equal.} Nxe5 16. c4 g5 17. b4 f4 18. Bd4 Qe7 19. Rac1 Qg7 {[%emt 0:02:15][%cal Oe5f3] aiming for ...Nf3+!} 20. Nb3 Bd7 21. c5 Ba4 (21... g4 $11 22. Qxf4 Bg5) 22. Ba1 Bxb3 23. axb3 g4 24. Rxf4 (24. Qxf4 $16 {Threatens to win with Qg3.} Bg5 25. Bxe5 dxe5 26. Qxg4 Be3+ 27. Kh1 Bxc1 28. Rxc1) 24... Bg5 $15 25. g3 {[%emt 0:05:06] [#]} ({White should play} 25. Rxf8+ $15 Rxf8 26. Qc2 (26. Bxe5 $2 Qxe5 27. Qd1 Bxc1 $19)) 25... Qg6 $1 $17 ({Don't play} 25... Bxf4 $6 26. gxf4 Qh6 27. Rf1 $14) 26. Rcf1 {[%emt 0:03:09][%mdl 8192] This costs White the game.} ({Not} 26. Bxe5 $2 dxe5 27. Rcf1 (27. Rxf8+ $2 Rxf8 28. Qc2 Be3+ 29. Kh1 Bxc1 $19) 27... exf4 $19) (26. Qc2 $17 Bxf4 27. gxf4 Nf3+ 28. Bxf3 gxf3+ 29. Qxg6+ hxg6 30. cxd6 Rxf4 31. Rc7) 26... Bxf4 27. gxf4 (27. Rxf4 {was the only defense.} Nf3+ 28. Bxf3 gxf3 29. Rxf8+ Rxf8 30. Bd4 Qb1+ 31. Kf2) 27... Nf3+ $1 $19 28. Bxf3 gxf3+ 29. Kh1 {[%emt 0:00:14] [#] Black must now prevent Rg1.} Rxf4 $3 {[%emt 0:01:27][%mdl 512] Strongly threatening ...Raf8.} 30. cxd6 (30. Qf2 Re8) 30... Qg2+ 31. Qxg2+ fxg2+ {[%emt 0:00:03][%mdl 64] Discovered Attack} 32. Kxg2 Rxf1 33. Kxf1 {[%emt 0:00:06][%mdl 4096] Endgame KR-KB} Kf7 34. Ke2 Rd8 35. Kd3 Rxd6 36. Kc4 Ke7 37. Be5 Rg6 38. b5 (38. Bg3 $142 b6 39. Kd3) 38... axb5+ 39. Kc5 Rg5 40. Bg3 Kd7 41. Bf4 Rf5 42. Bg3 h5 43. b4 Rg5 44. Bf4 Rg4 45. Be5 h4 46. Bf6 h3 47. Be5 Rg5 (47... b6+ $142 48. Kxb5 Rg5) 48. Bf4 b6+ 49. Kxb5 Rxd5+ 50. Kxb6 Rd4 $1 51. Be5 Rxb4+ 52. Kc5 {[%emt 0:00:07] Black mates.} Re4 53. Kd5 Re2 54. Bg3 Ke7 55. Kd4 Kf6 56. Kd3 Re6 57. Bf4 Kf5 58. Bg3 Kg4 59. Bf2 Kf3 60. Bg3 Rg6 61. Be5 Rg5 62. Bb8 Rd5+ 63. Kc3 Rd8 64. Be5 Ke3 65. Bg3 Rc8+ 66. Kb3 Kd3 67. Bf4 Rc3+ 68. Kb2 Rc4 69. Bg3 Rc5 70. Bf4 Rc8 71. Bg3 Rc4 72. Be5 Rc2+ 73. Kb1 Kd2 74. Bf4+ Kd1 75. Bg3 Rc3 76. Be5 Rb3+ 77. Ka2 Rb5 78. Bf4 Ke2 {[%emt 0:00:30] Weighted Error Value: White=0.67/Black=0.22 (precise)} 0-1

[Event "Czech Open-GM 2022"]
[Site "Pardubice"]
[Date "2022.07.24"]
[Round "3.23"]
[White "Delgerdalai, Bayarjavkhlan"]
[Black "Stalmach, Richard"]
[Result "0-1"]
[ECO "B62"]
[WhiteElo "2209"]
[BlackElo "2363"]
[Annotator "TA"]
[PlyCount "86"]
[EventDate "2022.07.22"]
[EventType "swiss"]
[EventCountry "CZE"]
[SourceTitle "playchess.com"]
[Source "ChessBase"]
[SourceQuality "1"]
[TimeControl "40/5400+30:1800+30"]

1. e4 c5 2. Nf3 d6 3. d4 cxd4 4. Nxd4 Nf6 5. Nc3 Nc6 6. Bg5 e6 7. f3 Be7 8. Qd2 h6 9. Be3 a6 10. O-O-O Qc7 {[%emt 0:06:36] B66: Sicilian: Richter-Rauzer: 7...a6 8 0-0-0 h6.} 11. Kb1 (11. g4 $14 {might be stronger.}) 11... Nxd4 $11 12. Qxd4 b5 {[%emt 0:00:46] The position is equal.} 13. g4 {[%emt 0:15:30] [#]} Bb7 $146 ({Predecessor:} 13... Nd7 14. Qd2 b4 15. Ne2 Bb7 16. Nd4 d5 17. exd5 Bxd5 18. Be2 Qa5 19. b3 Bf6 {0-1 (55) Della Morte,G (2366)-Marin Ramirez,G (2221) Chess.com INT 2019}) 14. g5 (14. Be2 $11) 14... hxg5 $15 15. Bxg5 Rc8 16. Bd3 Qc5 17. Be3 Qxd4 (17... Rh3 {feels hotter.} 18. Rhf1 Nd7 19. a4 b4) 18. Bxd4 Rh3 19. Rdf1 g5 20. Rhg1 Nh5 ({Don't play} 20... Rxh2 $6 21. Rxg5 Nxe4 22. Bxe4 $15 (22. Rg8+ $2 Kd7 $19)) 21. Rf2 Nf4 22. Ne2 e5 23. Be3 Kd7 24. Rg3 Rh7 {[%emt 0:02:29] 0x0.001f237c6d40dp-1022s more active pieces.} 25. Ng1 (25. Bxf4 $17 {keeps fighting.} gxf4 26. Rgg2) 25... Rch8 $19 26. Bxf4 gxf4 ({Not} 26... exf4 27. Rgg2 $15) 27. Rgg2 Bd8 28. a3 Bb6 29. Re2 Bxg1 30. Rxg1 Rxh2 31. c4 (31. Kc1 {was necessary.}) 31... Rxe2 32. Bxe2 {[%emt 0:00:02][%mdl 4096] Endgame KRB-KRB} Rh2 33. Bf1 Rf2 34. cxb5 Rxf3 35. bxa6 Bxe4+ 36. Kc1 (36. Ka1 {was worth a try.}) 36... Kc7 37. Bb5 Rf2 (37... Kb6 $142 38. a4 Rg3) 38. b4 $2 (38. Rg8 {is a better chance.}) 38... Rc2+ {[%emt 0:02:18] Black is clearly winning.} (38... Kb6 39. a4 $19) 39. Kd1 Ra2 {[%emt 0:00:13] [#] White must now prevent ...Ra1+.} 40. Rg7 Bd5 {[%emt 0:08:40] aiming for ...Kb6.} 41. a4 f3 {[%emt 0:00:51][%cal Bf4f3,Bf3f2][%mdl 32] And now ...e4 would win.} 42. Rg8 f2 {[%emt 0:02:44] ( -> ...Bf3+)} ({Stronger than} 42... Rg2 43. Re8 $11) 43. Kc1 {[%emt 0:01:01] [#]} Rxa4 $3 {[%emt 0:00:26][%mdl 512] White did not feel at home in the position after the opening.  Weighted Error Value: White=0.58/Black=0.08 (flawless)} 0-1